 Dungeon Crawl Stone Soup version 0.23.0-3-gf3c87f2 (webtiles) character file.

Game seed: 16040275974220035191

37 sking99 the Ruffian (level 3, -1/31 HPs)
             Began as a Naga Transmuter on Feb 24, 2019.
             Slain by a goblin (2 damage)
             ... led by Robin
             ... on level 2 of the Dungeon.
             The game lasted 00:02:27 (1981 turns).

sking99 the Ruffian (Naga Transmuter)               Turns: 1981, Time: 00:02:27

Health: -1/31      AC:  2    Str: 12    XL:     3   Next: 41%
Magic:  4/6        EV: 10    Int: 14    God:
Gold:   120        SH:  0    Dex: 11    Spells: 5/6 levels left

rFire    . . .     SeeInvis +     - Unarmed
rCold    . . .     Gourm    .   (no shield)
rNeg     . . .     Faith    .   b - +0 robe
rPois    +         Spirit   .   (no helmet)
rElec    .         Reflect  .   (no cloak)
rCorr    .         Harm     .   (no gloves)
MR       .....                  (no barding)
Stlth    +.........             (no amulet)
HPRegen  0.10/turn              (no ring)
MPRegen  0.10/turn              (no ring)

@: appendage, very slow
A: large, horns 2, see invisible, deformed body, poison resistance, slowness 2,
slow metabolism 1, spit poison 1, AC +1
a: Spit Poison, End Transformation


You were on level 2 of the Dungeon.
You were hungry.
You had grown temporary horns.
You visited 1 branch of the dungeon, and saw 2 of its levels.

You collected 120 gold pieces.

Inventory:

Missiles
 a - 12 arrows
Armour
 b - a +0 robe (worn)
Scrolls
 f - a scroll of teleportation {unknown}
 h - a scroll of random uselessness {unknown}
Potions
 c - a potion of might {unknown}
 g - a potion of mutation {unknown}
Comestibles
 d - 3 rations


   Skills:
 + Level 1.5 Fighting
 + Level 1.9 Dodging
 * Level 3.4 Unarmed Combat
 + Level 2.2 Spellcasting
 + Level 2.4 Transmutations


You had 5 spell levels left.
You knew the following spells:

 Your Spells              Type           Power        Failure   Level  Hunger
a - Beastly Appendage     Tmut           #.....       9%          1    #......

Your spell library contained the following spells:

 Spells                   Type           Power        Failure   Level  Hunger
 Sticks to Snakes         Tmut           #.......     13%         2    ###....
 Spider Form              Tmut/Pois      #.........   38%         3    ###....
 Ice Form                 Ice/Tmut       #.......     80%         4    #####..
 Blade Hands              Tmut           #.........   94%         5    ######.


Dungeon Overview and Level Annotations

Branches:
Dungeon (2/15)

Altars:
Qazlal

Annotations:
D:2 1 runed translucent door, Crazy Yiuf, Robin


Innate Abilities, Weirdness & Mutations

You cannot wear boots.
Your serpentine skin is tough. (AC +1)
You have supernaturally acute eyesight. (SInv)
Armour fits poorly on your strangely shaped body.
Your system is resistant to poisons. (rPois)
You cover ground very slowly.
You have a slow metabolism.
You can spit poison.
You have a pair of horns on your head.


Message History

The goblin closely misses you. The goblin hits you.
The goblin hits you with a +0 club.
A goblin comes into view. It is wielding a +0 dagger.
The goblin hits you with a +0 club. The goblin hits you. x2
* * * LOW HITPOINT WARNING * * *
You closely miss the goblin. The goblin barely misses you. The goblin hits you.
* * * LOW HITPOINT WARNING * * *
The goblin closely misses you.
Casting: Beastly Appendage (safe; 9% risk of failure)
Confirm with . or Enter, or press ? or * to list all spells.
You fail to extend your transformation any further.
Robin roars a battlecry!
The goblin barely misses you. The goblin hits you.
* * * LOW HITPOINT WARNING * * *
The goblin barely misses you.
As you read the scroll labeled HADDESOWOUF, it crumbles to dust.
You feel blessed for a moment.
It was a scroll of remove curse.
The goblin barely misses you. The goblin closely misses you.
The goblin hits you.
You die...

g. .g #g .##
.g# #g# #g#
########g##
#......@g.#
#.......g.## .#
#..........# .#
#.......>#.# .#
#........#.##.#
##########..#.#
##.#)# #...#
##..#


You could see Robin and 5 goblins.

Vanquished Creatures
  2 oozes
  2 bats (D:1)
  A giant cockroach (D:1)
  5 goblins (D:1)
  4 hobgoblins
  7 jackals (D:1)
  A ball python (D:1)
  2 rats (D:1)
24 creatures vanquished.

Notes
Turn   | Place    | Note
-------+----------+-------------------------------------------
     0 | D:1      | sking99 the Naga Transmuter began the quest for the Orb.
     0 | D:1      | Reached XP level 1. HP: 18/18 MP: 3/3
   245 | D:1      | Reached XP level 2. HP: 17/25 MP: 5/5
  1051 | D:1      | Reached XP level 3. HP: 15/31 MP: 6/6
  1715 | D:2      | Found a stormy altar of Qazlal.
  1845 | D:2      | Found a runed translucent door.
  1846 | D:2      | Noticed Crazy Yiuf
  1971 | D:2      | Noticed Robin
  1980 | D:2      | HP: 1/31 [goblin[Robin] (2)]
  1981 | D:2      | Slain by a goblin

Action                   || total
-------------------------++-------
Melee: Unarmed           ||    80
       Headbutt          ||     1
       Punch             ||     3
 Cast: Beastly Appendage ||     3
 Abil: Spit Poison       ||     9
  Use: Scroll            ||     1
  Eat: Chunk             ||     2
Armor: Robe              ||    11
Dodge: Dodged            ||    46
